 Dungeon Crawl Stone Soup version 0.30-a0-1085-g990a428a5c (webtiles) character file.

Game seed: 6766564480021919937

32 voltaire321 the Ducker (level 3, -1/28 HPs)
             Began as a Merfolk Gladiator on Apr 16, 2023.
             Slain by Sigmund
             ... wielding a +0 scythe of freezing
              (4 damage)
             ... on level 2 of the Dungeon.
             The game lasted 00:02:14 (611 turns).

voltaire321 the Ducker (Merfolk Gladiator)           Turns: 611, Time: 00:02:14

Health: -1/28      AC:  4    Str: 16    XL:     3   Next: 25%
Magic:  3/3        EV: 13    Int:  7    God:
Gold:   50         SH:  0    Dex: 15    Spells: 2/2 levels left

rFire   . . .      SeeInvis .    a - +0 long sword
rCold   . . .      Faith    .    (no shield)
rNeg    . . .      Spirit   .    b - +0 leather armour
rPois   .          Reflect  .    c - +0 helmet
rElec   .          Rampage  .    (no cloak)
rCorr   .                        (no gloves)
Will    .....                    (no boots)
Stlth   +                        (no amulet)
HPRegen 0.24/turn                (no ring)
MPRegen 0.08/turn                (no ring)

@: no status effects
A: (nimble swimmer 2), mertail
a: no special abilities


You were on level 2 of the Dungeon.
You visited 1 branch of the dungeon, and saw 2 of its levels.

You collected 50 gold pieces.

Inventory:

Hand Weapons
 a - a +0 long sword (weapon)
Missiles
 d - 3 throwing nets (quivered)
Armour
 b - a +0 leather armour (worn)
 c - a +0 helmet (worn)
Scrolls
 f - a scroll of teleportation {unknown}
 g - a scroll of summoning {unknown}
 h - a scroll of noise {unknown}
 k - a scroll of magic mapping {unknown}
 l - 2 scrolls of amnesia {unknown}
 m - a scroll of blinking {unknown}
 n - a scroll of fog {unknown}
Potions
 i - 3 potions of resistance {unknown}
 j - a potion of mutation {unknown}


   Skills:
 + Level 2.6 Fighting
 + Level 3.9 Long Blades
 + Level 2.4 Throwing
 + Level 0.6 Armour
 + Level 4.4 Dodging


You had 2 spell levels left.
You didn't know any spells.
Your spell library was empty.

Dungeon Overview and Level Annotations

Branches:
Dungeon (2/15)

Altars:

Annotations:
D:2 Sigmund


Innate Abilities, Weirdness & Mutations

((You are very nimble when in or above water. (Stealth+, EV+, Speed+++)))
Your lower body shifts to a powerful aquatic tail in water.


Message History

HP restored.
You see here a +2 short sword of speed.
You now have 50 gold pieces (gained 15).
Sigmund the Dreaded comes into view.
He is wielding a +0 scythe of freezing.
Sigmund shouts!
You aren't carrying any items that you can evoke.
Throw: javelin
Press: ? - help, Q - select action, (/) - cycle Shift-Dir - straight line, f - Sigmund
Aim: Sigmund, wielding a +0 scythe of freezing and wearing a +0 robe (57% to hit)
You throw a javelin.
The javelin pierces through Sigmund but does no damage.
Sigmund casts a spell at you. The puff of flame hits you.
Sigmund barely misses you.
You barely miss Sigmund. Sigmund closely misses you.
You completely miss Sigmund.
Sigmund hits you with a +0 scythe of freezing!
Sigmund freezes you.
You barely miss Sigmund. Sigmund gestures at you while chanting.
You resist with significant effort.
You closely miss Sigmund. Sigmund closely misses you.
You barely miss Sigmund.
Sigmund mumbles some strange words.
Sigmund flickers and vanishes!
Deactivating autopickup; reactivate with Ctrl-A.
You miss something. Something hits you but does no damage.
You hit something but do no damage. Something hits you. Something freezes you.
You hit something. You closely miss something. Something hits you.
Something freezes you.
You closely miss something. Something hits you. Something freezes you.
You closely miss something.
You hear some strange, mumbled words.
A magic dart appears from out of thin air!
The magic dart hits you!
* * * LOW HITPOINT WARNING * * *
You hit something. Something hits you but does no damage.
You barely miss something. Something hits you but does no damage.
You miss something. Something hits you.
You die...

###### #....# #####
#....###...##
#########....##.....##
##.......#....#.......#
.........#....#.......#
.........#.)..#.>.....#
..(...{@......##....†###
.......#................
.........$............##
.#....###.............#
##... #............##
..... #............###
..... #...............
..... .................
##..#...#........


There were no monsters in sight!

Vanquished Creatures
  A dart slug (D:1)
  2 ball pythons (D:1)
  4 bats
  2 endoplasms
  A giant cockroach (D:1)
  3 goblins
  2 hobgoblins
  2 jackals (D:2)
  3 quokkas (D:1)
  4 frilled lizards
  A kobold (D:1)
  2 rats (D:1)
27 creatures vanquished.

Notes
Turn   | Place    | Note
-------+----------+-------------------------------------------
     0 | D:1      | voltaire321 the Merfolk Gladiator began the quest for the
                  | Orb.
     0 | D:1      | Reached XP level 1. HP: 16/16 MP: 1/1
    92 | D:1      | Reached XP level 2. HP: 20/23 MP: 2/2
   387 | D:1      | Found a faded altar of an unknown god.
   510 | D:2      | Reached XP level 3. HP: 28/28 MP: 3/3
   593 | D:2      | Noticed Sigmund
   611 | D:2      | Slain by Sigmund

Illustrated notes

Levels and vault maps discovered:
D:1:      onia_arrival_pentagram, layout_rooms, ebering_ecumenical_altar_mist
D:2:      layout_rooms, kennysheep_crisscross, minmay_goblin_outpost,
          uniq_sigmund

Action                     || total
---------------------------++-------
  Melee: Long sword        ||    65
  Throw: Javelin           ||     1
   Stab: Sleeping          ||     1
 Armour: Leather armour    ||    22
  Dodge: Dodged            ||    40

Table legend: (Time is in decaauts)
 A = Elapsed time spent in this place.
 B = Non-inter-level travel time spent in this place.
 C = Inter-level travel time spent in this place.
 D = Time resting spent in this place.
 E = Time spent auto-exploring this place.
 F = Levels seen in this place.
 G = Mean time per level.
                   A        B        C        D        E       F      G
               +--------+--------+--------+--------+--------+-----+--------+
         Total |    624 |    591 |     33 |      0 |    351 |   2 |  312.0 |
       Dungeon |    624 |    591 |     33 |      0 |    351 |   2 |  312.0 |
               +--------+--------+--------+--------+--------+-----+--------+

Top non-repeatable levels by time:
     D:1: 514 daAuts
     D:2: 109 daAuts
